[Event "22nd ETCC Women 2019"]
[Site "Batumi"]
[Date "2019.10.30"]
[Round "6.30"]
[White "Garcia Martin, Marta"]
[Black "Peptan, Corina-Isabela"]
[Result "1/2-1/2"]
[ECO "C09"]
[WhiteElo "2305"]
[BlackElo "2371"]
[Annotator "NA"]
[PlyCount "133"]
[EventDate "2019.10.24"]
[EventType "team-tourn"]
[EventCountry "GEO"]
[SourceTitle "playchess.com"]
[Source "ChessBase"]
[SourceQuality "1"]
[WhiteTeam "Spain"]
[BlackTeam "Romania"]
[WhiteTeamCountry "ESP"]
[BlackTeamCountry "ROU"]
[TimeControl "40/5400+30:1800+30"]

1. e4 e6 2. d4 d5 3. Nd2 c5 4. exd5 exd5 5. Ngf3 Nc6 6. Bb5 cxd4 7. Qe2+ Qe7 8. Nxd4 Bd7 9. N2f3 Qxe2+ 10. Kxe2 Bd6 11. Rd1 Nge7 12. c4 a6 13. Nxc6 bxc6 14. Ba4 Rb8 15. b3 Rb7 16. Bb2 f6 17. Kf1 Kf7 18. Rac1 Bf4 19. Rc3 Bd6 20. cxd5 cxd5 21. Bxd7 Rxd7 22. Nd4 Be5 23. Rc5 Rb8 24. Ba3 Rb6 25. Ra5 Bd6 26. Bxd6 Rdxd6 27. g3 Rb7 28. Rc5 Ke8 29. Ke2 Kd7 30. Rdc1 f5 31. Kd2 g5 32. Nf3 h6 33. h4 gxh4 34. Nxh4 Rf6 35. Ng2 Rd6 36. Nf4 Ra7 37. Ke3 a5 38. Kd2 a4 39. b4 a3 40. b5 Rb7 41. Kc3 d4+ 42. Kd3 Rdb6 43. Kc4 Nc8 44. Kxd4 Nd6 45. Nd3 Rxb5 46. R5c3 Ra7 47. Nc5+ Ke7 48. Re1+ Kf7 49. Ree3 Rba5 50. Kd3 Rc7 51. Nb3 Rd5+ 52. Kc2 Rxc3+ 53. Kxc3 Ne4+ 54. Kc4 Rd7 55. Kb4 Nxf2 56. Rf3 Nd3+ 57. Kc3 Ne5 58. Rxf5+ Ke6 59. Rh5 Rd3+ 60. Kb4 Rxg3 61. Rxh6+ Kd5 62. Kxa3 Rg2 63. Rh1 Kc6 64. Rh5 Kd5 65. Rh8 Nc4+ 66. Kb4 Rxa2 67. Rh5+ 1/2-1/2

[Event "22nd ETCC Women 2019"]
[Site "Batumi"]
[Date "2019.10.30"]
[Round "6.31"]
[White "Cosma, Elena-Luminita"]
[Black "Matnadze, Ana"]
[Result "0-1"]
[ECO "A46"]
[WhiteElo "2313"]
[BlackElo "2383"]
[Annotator "NA"]
[PlyCount "154"]
[EventDate "2019.10.24"]
[EventType "team-tourn"]
[EventCountry "GEO"]
[SourceTitle "playchess.com"]
[Source "ChessBase"]
[SourceQuality "1"]
[WhiteTeam "Romania"]
[BlackTeam "Spain"]
[WhiteTeamCountry "ROU"]
[BlackTeamCountry "ESP"]
[TimeControl "40/5400+30:1800+30"]

1. d4 Nf6 2. Nf3 d5 3. c4 e6 4. g3 Bb4+ 5. Bd2 Be7 6. Bg2 O-O 7. O-O c6 8. Qc2 b6 9. Bf4 Bb7 10. Rd1 Nbd7 11. Ne5 Rc8 12. Nc3 Nh5 13. Bd2 f5 14. Nxd7 Qxd7 15. Qa4 Rfd8 16. Rac1 Nf6 17. Bg5 Ra8 18. cxd5 exd5 19. b4 b5 20. Qb3 a5 21. a3 Kh8 22. Bf4 Ne8 23. bxa5 Rxa5 24. a4 b4 25. Na2 Rda8 26. Nxb4 Rxa4 27. Nd3 Rxd4 28. e3 Ra3 29. Qb1 Re4 30. Bxe4 fxe4 31. Ne5 Qc8 32. Rxd5 cxd5 33. Rxc8 Bxc8 34. Nc6 Bg4 35. Nxe7 Bf3 36. Nxd5 Rd3 37. Nb4 Rd1+ 38. Qxd1 Bxd1 39. Kf1 Kg8 40. Ke1 Bf3 41. Nc6 Nf6 42. Be5 Nd5 43. Bd4 Bg2 44. h4 g6 45. Ne5 Nb4 46. Kd2 Nd5 47. Ke2 Nf6 48. Ke1 Nd5 49. Kd2 Kf8 50. Kc2 Ke7 51. Kb3 Ke6 52. Kc4 Nf6 53. Bc3 Ne8 54. Nc6 Nd6+ 55. Kc5 Nf5 56. Nb4 Nh6 57. Nd5 Bh1 58. Nf6 Kf5 59. Nxh7 Ng4 60. Be1 Ne5 61. Ng5 Nd3+ 62. Kd4 Nxe1 63. g4+ Kxg4 64. Nxe4 Nf3+ 65. Kd3 Ne5+ 66. Kd4 Nc6+ 67. Kd3 Ne5+ 68. Kd4 Nf3+ 69. Kd3 Ne1+ 70. Kd4 Bxe4 71. Kxe4 Nf3 72. Kd3 Kf5 73. Ke2 Ke4 74. Kf1 Nxh4 75. Ke2 g5 76. Kf1 Kf3 77. Kg1 Nf5 0-1

[Event "22nd ETCC Women 2019"]
[Site "Batumi"]
[Date "2019.10.30"]
[Round "6.32"]
[White "Calzetta Ruiz, Monica"]
[Black "Sandu, Mihaela"]
[Result "0-1"]
[ECO "B42"]
[WhiteElo "2251"]
[BlackElo "2260"]
[Annotator "NA"]
[PlyCount "98"]
[EventDate "2019.10.24"]
[EventType "team-tourn"]
[EventCountry "GEO"]
[SourceTitle "playchess.com"]
[Source "ChessBase"]
[SourceQuality "1"]
[WhiteTeam "Spain"]
[BlackTeam "Romania"]
[WhiteTeamCountry "ESP"]
[BlackTeamCountry "ROU"]
[TimeControl "40/5400+30:1800+30"]

1. e4 c5 2. Nf3 e6 3. d4 cxd4 4. Nxd4 a6 5. Bd3 Qc7 6. O-O Nf6 7. Qe2 d6 8. c4 Nc6 9. Nc2 Ne5 10. Nc3 Be7 11. Rd1 Nfd7 12. Ne3 Nxd3 13. Rxd3 b5 14. cxb5 Qb8 15. Rd1 O-O 16. b3 Bf6 17. Bb2 axb5 18. Ng4 Bxc3 19. Bxc3 f6 20. Bb4 Ra6 21. Rac1 Re8 22. Rc3 Qa8 23. a3 Bb7 24. Rg3 Kh8 25. Qxb5 Rd8 26. f3 d5 27. Be7 Bc6 28. Qe2 Re8 29. Bb4 Nf8 30. Qb2 e5 31. exd5 Bxd5 32. Ne3 Be6 33. Nc4 Ng6 34. Qf2 Nf4 35. Nb6 Qc6 36. Bc5 Ne2+ 37. Kh1 Nxg3+ 38. hxg3 Qb5 39. a4 Qxb3 40. Rd6 Ra5 41. Rd2 e4 42. g4 exf3 43. gxf3 Rxc5 44. Qxc5 Qxf3+ 45. Rg2 Bxg4 46. Qf2 Qh3+ 47. Kg1 Bf3 48. Rh2 Qg4+ 49. Kf1 Bb7 0-1

[Event "22nd ETCC Women 2019"]
[Site "Batumi"]
[Date "2019.10.30"]
[Round "6.33"]
[White "Unuk, Laura"]
[Black "Tsolakidou, Stavroula"]
[Result "1-0"]
[ECO "A05"]
[WhiteElo "2278"]
[BlackElo "2431"]
[Annotator "NA"]
[PlyCount "91"]
[EventDate "2019.10.24"]
[EventType "team-tourn"]
[EventCountry "GEO"]
[SourceTitle "playchess.com"]
[Source "ChessBase"]
[SourceQuality "1"]
[WhiteTeam "Slovenia"]
[BlackTeam "Greece"]
[WhiteTeamCountry "SLO"]
[BlackTeamCountry "GRE"]
[TimeControl "40/5400+30:1800+30"]

1. Nf3 Nf6 2. c4 e6 3. g3 d5 4. d4 Bb4+ 5. Bd2 Bd6 6. Nc3 c6 7. Qc2 Nbd7 8. e4 Nxe4 9. Nxe4 dxe4 10. Qxe4 c5 11. Bg2 Qe7 12. O-O Nf6 13. Qe1 cxd4 14. Nxd4 a6 15. b4 Rb8 16. c5 Bc7 17. Qe2 e5 18. Rfe1 O-O 19. Bc3 Bg4 20. Qb2 Rfe8 21. h3 Bc8 22. Rad1 Rd8 23. Nf3 Rxd1 24. Rxd1 e4 25. Re1 Ne8 26. Nd2 f5 27. g4 g6 28. gxf5 gxf5 29. Nxe4 fxe4 30. Rxe4 Qf7 31. Qe2 Bf5 32. Re7 Qg6 33. Kh1 Kf8 34. Bd5 Rd8 35. Rf7+ Qxf7 36. Bxf7 Kxf7 37. Qf3 Kg6 38. Qg2+ Kf7 39. Qf3 Ke6 40. Qxb7 Rd1+ 41. Kg2 Bd3 42. f4 Bd8 43. Qf3 Bf1+ 44. Kh2 Rd7 45. Qxf1 Nc7 46. Qe2+ 1-0

[Event "22nd ETCC Women 2019"]
[Site "Batumi"]
[Date "2019.10.30"]
[Round "6.34"]
[White "Avramidou, Anastasia"]
[Black "Janzelj, Lara"]
[Result "1-0"]
[ECO "D10"]
[WhiteElo "2247"]
[BlackElo "2159"]
[Annotator "NA"]
[PlyCount "53"]
[EventDate "2019.10.24"]
[EventType "team-tourn"]
[EventCountry "GEO"]
[SourceTitle "playchess.com"]
[Source "ChessBase"]
[SourceQuality "1"]
[WhiteTeam "Greece"]
[BlackTeam "Slovenia"]
[WhiteTeamCountry "GRE"]
[BlackTeamCountry "SLO"]
[TimeControl "40/5400+30:1800+30"]

1. d4 d5 2. c4 c6 3. cxd5 cxd5 4. Bf4 Nf6 5. Nc3 Nc6 6. e3 a6 7. Bd3 Bg4 8. Nge2 e6 9. O-O Be7 10. Rc1 Nd7 11. a3 Rc8 12. Qc2 Bh5 13. e4 dxe4 14. Bxe4 Nf6 15. Rfd1 Nxe4 16. Qxe4 Bg6 17. Qe3 Na5 18. d5 Nc4 19. Qh3 e5 20. d6 Nxd6 21. Bxe5 O-O 22. Rd2 Rc6 23. Rcd1 f6 24. Bxd6 Bxd6 25. Qe6+ Bf7 26. Rxd6 Qb8 27. Qe7 1-0

[Event "22nd ETCC Women 2019"]
[Site "Batumi"]
[Date "2019.10.30"]
[Round "6.35"]
[White "Rozman, Monika"]
[Black "Makropoulou, Marina"]
[Result "1-0"]
[ECO "B46"]
[WhiteElo "2122"]
[BlackElo "2201"]
[Annotator "NA"]
[PlyCount "43"]
[EventDate "2019.10.24"]
[EventType "team-tourn"]
[EventCountry "GEO"]
[SourceTitle "playchess.com"]
[Source "ChessBase"]
[SourceQuality "1"]
[WhiteTeam "Slovenia"]
[BlackTeam "Greece"]
[WhiteTeamCountry "SLO"]
[BlackTeamCountry "GRE"]
[TimeControl "40/5400+30:1800+30"]

1. e4 c5 2. Nf3 e6 3. d4 cxd4 4. Nxd4 Nc6 5. Nc3 a6 6. Be3 Nf6 7. Be2 d5 8. exd5 Nxd5 9. Nxd5 exd5 10. O-O Be7 11. c4 Ne5 12. cxd5 Qxd5 13. Rc1 Bd7 14. Nb5 Qxb5 15. Bxb5 Bxb5 16. Re1 O-O 17. Bd4 Ng6 18. Qg4 f5 19. Rxe7 Rf7 20. Rxf7 fxg4 21. Rxg7+ Kf8 22. Rcc7 1-0

[Event "22nd ETCC Women 2019"]
[Site "Batumi"]
[Date "2019.10.30"]
[Round "6.36"]
[White "Makka, Ioulia"]
[Black "Vidic, Teja"]
[Result "1-0"]
[ECO "B67"]
[WhiteElo "2048"]
[BlackElo "2174"]
[Annotator "NA"]
[PlyCount "91"]
[EventDate "2019.10.24"]
[EventType "team-tourn"]
[EventCountry "GEO"]
[SourceTitle "playchess.com"]
[Source "ChessBase"]
[SourceQuality "1"]
[WhiteTeam "Greece"]
[BlackTeam "Slovenia"]
[WhiteTeamCountry "GRE"]
[BlackTeamCountry "SLO"]
[TimeControl "40/5400+30:1800+30"]

1. e4 c5 2. Nf3 d6 3. d4 cxd4 4. Nxd4 Nf6 5. Nc3 Nc6 6. Bg5 e6 7. Qd2 a6 8. O-O-O Bd7 9. f4 b5 10. Bxf6 gxf6 11. Kb1 Qb6 12. Nxc6 Bxc6 13. f5 b4 14. Ne2 e5 15. Ng3 h5 16. Bc4 h4 17. Nf1 Bxe4 18. Qe2 Bb7 19. Ne3 Be7 20. Rhe1 Qc5 21. Qg4 Rc8 22. Qg7 Rf8 23. Bb3 Qb6 24. Rd2 Rc5 25. Ng4 Qd8 26. Red1 Bc6 27. Ne3 Qc8 28. Qh7 a5 29. Qxh4 a4 30. Bd5 Bxd5 31. Rxd5 b3 32. Qxa4+ Qc6 33. Qxc6+ Rxc6 34. axb3 Kd7 35. Ra5 Bd8 36. Ra7+ Kc8 37. Nc4 Kb8 38. Ra4 Bc7 39. Rd5 Rd8 40. Rb5+ Kc8 41. Ra8+ Kd7 42. Rxd8+ Bxd8 43. Ne3 Rc8 44. c4 Kc6 45. Nd5 Bc7 46. Ne7+ {[%emt 0:00:21] Kd5} 1-0

[Event "22nd ETCC Women 2019"]
[Site "Batumi"]
[Date "2019.10.31"]
[Round "7.1"]
[White "Goryachkina, Aleksandra"]
[Black "Socko, Monika"]
[Result "1-0"]
[ECO "D25"]
[WhiteElo "2575"]
[BlackElo "2417"]
[Annotator "ChessBase"]
[PlyCount "63"]
[EventDate "2019.10.24"]
[EventType "team-tourn"]
[EventCountry "GEO"]
[SourceTitle "playchess.com"]
[Source "ChessBase"]
[SourceQuality "1"]
[WhiteTeam "Russia"]
[BlackTeam "Poland"]
[WhiteTeamCountry "RUS"]
[BlackTeamCountry "POL"]
[TimeControl "40/5400+30:1800+30"]

1. Nf3 d5 2. d4 Nf6 3. c4 dxc4 4. e3 a6 5. Bxc4 b5 6. Bd3 Bb7 7. O-O Nbd7 8. a4 b4 9. Qe2 e6 10. Nbd2 c5 11. Nc4 Qc7 12. Rd1 Be7 13. e4 cxd4 14. e5 Nd5 15. Nxd4 O-O 16. Bd2 Nc5 17. Bc2 Rad8 18. Rac1 Rd7 19. Qg4 f5 20. Qg3 Qd8 21. Nf3 Ne4 22. Bxe4 fxe4 23. Bh6 Bc5 24. Nd4 Bxd4 25. Rxd4 Nf4 26. Re1 Nd3 27. Nb6 Bd5 28. Nxd7 Qxd7 29. Rexe4 Nxf2 30. Re2 Qc7 31. Rxf2 Rxf2 32. Qxf2 1-0

[Event "22nd ETCC Women 2019"]
[Site "Batumi"]
[Date "2019.10.31"]
[Round "7.1"]
[White "Unuk, Laura"]
[Black "Exler, Veronika"]
[Result "1-0"]
[ECO "E06"]
[WhiteElo "2278"]
[BlackElo "2222"]
[Annotator "NA"]
[PlyCount "49"]
[EventDate "2019.10.24"]
[EventType "team-tourn"]
[EventCountry "GEO"]
[SourceTitle "playchess.com"]
[Source "ChessBase"]
[SourceQuality "1"]
[WhiteTeam "Slovenia"]
[BlackTeam "Austria"]
[WhiteTeamCountry "SLO"]
[BlackTeamCountry "AUT"]
[TimeControl "40/5400+30:1800+30"]

1. d4 d5 2. c4 e6 3. Nf3 Nf6 4. g3 Be7 5. Bg2 O-O 6. O-O dxc4 7. Qc2 b6 8. Rd1 Bb7 9. Nbd2 Nbd7 10. Nxc4 Be4 11. Qb3 c5 12. Bf4 cxd4 13. Nxd4 Nc5 14. Qb5 Bxg2 15. Kxg2 Nd5 16. Nc6 Nxf4+ 17. gxf4 Qc7 18. Rac1 Rac8 19. N4e5 Qb7 20. f3 f6 21. Rd7 Nxd7 22. Nxe7+ Kh8 23. Rxc8 fxe5 24. Rxf8+ Nxf8 25. Qe8 1-0

[Event "22nd ETCC Women 2019"]
[Site "Batumi"]
[Date "2019.10.31"]
[Round "7.2"]
[White "Zawadzka, Jolanta"]
[Black "Lagno, Kateryna"]
[Result "0-1"]
[ECO "C60"]
[WhiteElo "2406"]
[BlackElo "2549"]
[Annotator "ChessBase"]
[PlyCount "116"]
[EventDate "2019.10.24"]
[EventType "team-tourn"]
[EventCountry "GEO"]
[SourceTitle "playchess.com"]
[Source "ChessBase"]
[SourceQuality "1"]
[WhiteTeam "Poland"]
[BlackTeam "Russia"]
[WhiteTeamCountry "POL"]
[BlackTeamCountry "RUS"]
[TimeControl "40/5400+30:1800+30"]

1. e4 e5 2. Nf3 Nc6 3. Bb5 g6 4. c3 a6 5. Ba4 Bg7 6. d4 exd4 7. cxd4 b5 8. Bc2 d6 9. h3 Nf6 10. O-O O-O 11. Nc3 Bb7 12. a3 Re8 13. Re1 Na5 14. d5 c6 15. dxc6 Bxc6 16. Rb1 Nc4 17. b3 Ne5 18. Nd4 Bb7 19. Bb2 Qb6 20. Kh1 Rad8 21. Qd2 d5 22. exd5 Nxd5 23. Nxd5 Bxd5 24. f4 Nc6 25. Nxc6 Rxe1+ 26. Qxe1 Qxc6 27. Qf2 Bxb2 28. Rxb2 Qc3 29. Bb1 Qxh3+ 30. Kg1 Qc3 31. Ba2 Be6 32. b4 Bxa2 33. Rxa2 h5 34. Kh2 Qf6 35. Re2 Rd4 36. g3 h4 37. Qe3 hxg3+ 38. Kxg3 Qd6 39. Kg4 Qd7+ 40. Kh4 Qd8+ 41. Qe7 Rxf4+ 42. Kg3 Qxe7 43. Rxe7 Rc4 44. Re3 Kg7 45. Rd3 f5 46. Kf2 Rc6 47. Ke3 Kf6 48. Kf3 g5 49. Kf2 Ke5 50. Ke3 g4 51. a4 f4+ 52. Ke2 Rc2+ 53. Ke1 g3 54. Kf1 Ke4 55. Rd1 f3 56. axb5 axb5 57. Kg1 Rg2+ 58. Kf1 Rh2 0-1

[Event "22nd ETCC Women 2019"]
[Site "Batumi"]
[Date "2019.10.31"]
[Round "7.2"]
[White "Novkovic, Julia"]
[Black "Hrescak, Ivana"]
[Result "1-0"]
[ECO "B91"]
[WhiteElo "2146"]
[BlackElo "2226"]
[Annotator "NA"]
[PlyCount "201"]
[EventDate "2019.10.24"]
[EventType "team-tourn"]
[EventCountry "GEO"]
[SourceTitle "playchess.com"]
[Source "ChessBase"]
[SourceQuality "1"]
[WhiteTeam "Austria"]
[BlackTeam "Slovenia"]
[WhiteTeamCountry "AUT"]
[BlackTeamCountry "SLO"]
[TimeControl "40/5400+30:1800+30"]

1. e4 c5 2. Nf3 d6 3. d4 cxd4 4. Nxd4 Nf6 5. Nc3 a6 6. g3 e5 7. Nde2 Be7 8. Bg2 Nbd7 9. O-O O-O 10. a4 b6 11. Nd5 Nxd5 12. Qxd5 Rb8 13. c4 Nc5 14. Qd1 b5 15. cxb5 axb5 16. axb5 Be6 17. Nc3 Nb3 18. Ra7 Nd4 19. Qa4 Re8 20. Be3 Bb3 21. Qa6 Bc4 22. Rd1 Nxb5 23. Nxb5 Bxb5 24. Qa2 Ra8 25. Ra1 Rxa7 26. Qxa7 Qb8 27. Bd2 Kf8 28. Qe3 Rc8 29. Bc3 Rc6 30. h4 Ra6 31. Rc1 Kg8 32. Kh2 Rc6 33. Rd1 Qb6 34. Qd2 Qb8 35. Bf3 Bc4 36. Ra1 Ra6 37. Rxa6 Bxa6 38. Qd5 Qb5 39. Qa8+ Bf8 40. Bg2 Qb6 41. Kg1 Qb5 42. Qd8 Qc4 43. Qb6 Qd3 44. Ba5 Bc4 45. Bc3 Ba6 46. Qc6 Qd1+ 47. Kh2 Qe2 48. Bb4 Bb5 49. Qb6 Qd3 50. Ba3 Ba6 51. Qa5 Bc4 52. Qe1 Bb5 53. Qc1 Ba6 54. Qc6 Bc4 55. Qc8 Ba6 56. Qa8 Bc4 57. Qa7 Qe2 58. Qc7 Qd3 59. Qb8 Ba6 60. Qb4 Qe2 61. Qb6 Qd3 62. Qc6 Bc4 63. Qc8 Ba6 64. Qc1 Qe2 65. Qc6 Qd3 66. Qb6 Bc4 67. Qb4 Qe2 68. Qb6 Qd3 69. Qc7 Ba6 70. Qa7 Bc4 71. Qb6 Ba6 72. Bh3 Bc4 73. Bg2 Ba6 74. Qc6 Bc4 75. Qc8 Ba6 76. Qg4 Bc4 77. Qf3 Qc2 78. Qe3 Qd1 79. Bh3 Qc2 80. Bg2 Qd1 81. Bf3 Qf1 82. Bg2 Qd1 83. f4 exf4 84. Qxf4 Qd4 85. Qc1 Qd3 86. Qg5 Qd4 87. Qc1 Qd3 88. Qe1 Qd4 89. Qb4 Qc5 90. Qc3 Qb5 91. Qd4 Qc6 92. Bxd6 Bxd6 93. e5 Qc5 94. Qxd6 Qxd6 95. exd6 Bb5 96. Bf1 Bc6 97. b4 Kf8 98. b5 Bd7 99. b6 Bc8 100. d7 Bxd7 101. b7 1-0

[Event "22nd ETCC Women 2019"]
[Site "Batumi"]
[Date "2019.10.31"]
[Round "7.3"]
[White "Gunina, Valentina"]
[Black "Cyfka, Karina"]
[Result "1-0"]
[ECO "C42"]
[WhiteElo "2509"]
[BlackElo "2412"]
[Annotator "ChessBase"]
[PlyCount "155"]
[EventDate "2019.10.24"]
[EventType "team-tourn"]
[EventCountry "GEO"]
[SourceTitle "playchess.com"]
[Source "ChessBase"]
[SourceQuality "1"]
[WhiteTeam "Russia"]
[BlackTeam "Poland"]
[WhiteTeamCountry "RUS"]
[BlackTeamCountry "POL"]
[TimeControl "40/5400+30:1800+30"]

1. e4 e5 2. Nf3 Nf6 3. Nxe5 d6 4. Nf3 Nxe4 5. Bd3 Nf6 6. O-O Be7 7. c3 O-O 8. Bc2 d5 9. d4 Bg4 10. Qd3 Bh5 11. Ne5 Nbd7 12. Qh3 Bg6 13. Nxg6 hxg6 14. f4 Ne4 15. f5 gxf5 16. Rxf5 Ndf6 17. Nd2 g6 18. Nxe4 Nxe4 19. Bxe4 dxe4 20. Re5 Bf6 21. Rxe4 Qd5 22. Qf3 Bg7 23. Bf4 c5 24. dxc5 Qxc5+ 25. Be3 Qd5 26. Rf1 Qxa2 27. Bc5 Qxb2 28. Re3 Qb3 29. Bxf8 Rxf8 30. h4 Qb5 31. Kh1 Qc4 32. g3 b5 33. Kg2 b4 34. cxb4 Qxb4 35. h5 gxh5 36. Qxh5 Qb2+ 37. Re2 Qb7+ 38. Kh2 Qa6 39. Qf3 Qc4 40. Re4 Qc6 41. Qe2 Rb8 42. Rg4 Qh6+ 43. Kg2 Qc6+ 44. Kh3 Qh6+ 45. Rh4 Qg6 46. Qc4 a5 47. Rff4 Qe6+ 48. Qxe6 fxe6 49. Rc4 Rb7 50. Rhe4 Kf7 51. Rc5 Rb4 52. Re3 a4 53. Rc7+ Kf6 54. Rc6 Kf7 55. Rc7+ Kf6 56. Ra7 Bh6 57. Ra3 Re4 58. R7xa4 Re1 59. Rf3+ Ke5 60. Kg4 Be3 61. Rf7 Bd4 62. Ra5+ Kd6 63. Rf4 Bc5 64. Rc4 Bb6 65. Rb5 Ba7 66. Ra4 Bc5 67. Ra6+ Kd5 68. Ra2 Kc4 69. Rb8 Bd4 70. Ra3 e5 71. Kf5 Rf1+ 72. Ke6 Rg1 73. Rc8+ Kb4 74. Rd3 Bf2 75. Rd7 Kb5 76. Rb7+ Ka6 77. Rb2 Ba7 78. Ra8 1-0